Cogmind - Beta 13 @@@ ROGUE MODE // 2024.04.06 @ 22:22:11 Player: graour Result: Destroyed by D-53 Grenadier with Mini Grenade Launcher Performance ------------- Evolutions (0) 0 Regions Visited (2) 400 Robots Destroyed (18) 90 Value Destroyed (286) 286 Prototype IDs (4) 80 Alien Tech Used (0) 0 Bonus (46) 46 TOTAL SCORE: 902 Bonus ------- Follower Combat Kills 46 Cogmind --------- Core Integrity 0/250 Matter 297/300 Energy 100/100 System Corruption 2% Temperature Cool (0) Movement Core (350) Ox6 Location -10/Mines Parts ------- > --- POWER (1) -------- (None) > --- PROPULSION (2) --- (None) > --- UTILITY (2) ------ Large Storage Unit > --- WEAPON (2) ------- (None) > --- INVENTORY (15) --- Light Ion Engine Light Ion Engine Small Storage Unit Structural Scanner Structural Scanner ECM Suite ECM Suite Assault Rifle Light Assault Rifle Light Assault Rifle Light Assault Rifle Light Assault Rifle Light Assault Rifle Mining Laser Welding Torch Peak State ------------ > --- POWER ------------ Light Angular Momentum Engine > --- PROPULSION ------- Light Treads > --- UTILITY ---------- Large Storage Unit ECM Suite > --- WEAPON ----------- Light Assault Rifle Light Assault Rifle > --- INVENTORY -------- Light Ion Engine Light Ion Engine Small Storage Unit Structural Scanner Structural Scanner ECM Suite ECM Suite Assault Rifle Light Assault Rifle Light Assault Rifle Light Assault Rifle Light Assault Rifle Grenade Launcher Mining Laser Welding Torch [Rating: 11] Favorites ----------- Power Light Ion Engine Engine Light Ion Engine Propulsion Light Treads Treads Light Treads Utility ECM Suite Device ECM Suite Storage Large Storage Unit Weapon Light Assault Rifle Energy Gun Small Laser Ballistic Gun Light Assault Rifle Launcher Grenade Launcher Build | -11 -10 -10 ------- Run | Yrd Mat Min Slots Evolved . | . . . Power . | . . . Propulsion . | . . . Utility . | . . . Weapon . | . . . Parts Attached 19 | 6 9 4 Power 4 | 1 2 1 Engine 4 | 1 2 1 Core . | . . . Reactor . | . . . Propulsion 3 | 2 1 . Treads 3 | 2 1 . Leg . | . . . Wheel . | . . . Hover . | . . . Flight . | . . . Utility 3 | 1 2 . Device 1 | . 1 . Storage 2 | 1 1 . Processor . | . . . Hackware . | . . . Protection . | . . . Artifact . | . . . Weapon 9 | 2 4 3 Energy Gun 1 | 1 . . Energy Cannon . | . . . Ballistic Gun 6 | 1 3 2 Ballistic Cannon . | . . . Launcher 2 | . 1 1 Special Weapon . | . . . Impact Weapon . | . . . Slashing Weapon . | . . . Piercing Weapon . | . . . Special Melee Weapon . | . . . Unidentified Prototypes . | . . . Parts Lost 8 | . 3 5 Power 2 | . 1 1 Propulsion 2 | . 1 1 Utility 1 | . . 1 Weapon 3 | . 1 2 Highest Loss Streak 5 | . 2 5 To Critical Strikes . | . . . Average Slot Usage (%) 89 | . 90 82 Engine 13 | . 13 13 Treads 19 | . 21 13 Device 13 | . 13 13 Storage 14 | . 14 14 Ballistic Gun 27 | . 27 26 Naked Turns . | . . . Heaviest Build 33 | 10 27 33 Greatest Support 40 | 40 40 20 Greatest Overweight (x) 8 | . 8 7 Average Overweight (x) . | . . 1 Largest Inventory Capacity 15 | 8 15 15 Average Capacity 13 | 6 13 15 Most Carried 15 | 2 13 15 Average Carried 10 | 1 10 14 Final Capacity 15 | 8 15 15 Final Carried 15 | 2 12 15 Class Distribution -------------------- 100% | Mutant Dominant Class ---------------- Mutant | -10/Materials Mutant | -10/Mines Resources | -11 -10 -10 ----------- Run | Yrd Mat Min Matter Collected 482 | 247 166 69 Remotely . | . . . Salvage Created 463 | . 393 70 Parts 46 | . 44 2 Haulers Intercepted . | . . . Recyclers Shooed 1 | . 1 . Parts Field Recycled . | . . . Retrieved Matter . | . . . Parts Self-Destructed . | . . . Prevented . | . . . Kills | -11 -10 -10 ------- Run | Yrd Mat Min Combat Hostiles Destroyed 12 | . 9 3 Guns 10 | . 9 1 AOE 2 | . . 2 Classes Destroyed 8 | . 7 1 Worker 3 | . 3 . Builder 1 | . 1 . Tunneler 1 | . 1 . Recycler 1 | . 1 . Watcher 2 | . 2 . Swarmer 5 | . 5 . Grunt 5 | . 4 1 Assembled 2 | . . 2 Best Kill Streak 3 | . 3 2 Combat Bots Only 3 | . 3 2 Max Kills in Single Turn 2 | . 1 2 Gunslinging . | . . . Exploded 2 | . . 2 Melee . | . . . Uniques/NPCs Destroyed . | . . . Combat | -11 -10 -10 -------- Run | Yrd Mat Min Hostile Shots Fired 75 | . 36 39 Missed 22 | . 11 11 Damage Taken 1080 | . 407 673 Core 287 | . 21 266 Absorbed by Shields . | . . . Regen/Repaired (Parts) 19 | . 19 . Core Remaining (%) 100 | 100 . . Volleys Fired 67 | 1 54 12 Largest 2 | 2 2 2 Hottest 60 | 60 40 50 Shots Fired 130 | 2 108 20 Gun 129 | 2 108 19 Cannon . | . . . Launcher 1 | . . 1 Special . | . . . Kinetic 128 | 1 108 19 Thermal 1 | 1 . . Explosive 1 | . . 1 Electromagnetic . | . . . Robot Hit Streak 12 | 2 12 8 Robot Miss Streak 4 | . 4 2 Penetration Max . | . . . Secondary Targets . | . . . Shots Hit Robots 86 | 2 72 12 Core Hits 38 | . 32 6 Critical Kills 2 | . 2 . Critical Parts Destroyed 1 | . 1 . Critical Strikes 3 | . 3 . Destroy 3 | . 3 . Melee Attacks . | . . . Impact . | . . . Slashing . | . . . Piercing . | . . . Sneak Attacks . | . . . Combat Hostiles . | . . . Follow-up Attacks . | . . . Damage Inflicted 852 | 28 605 219 Guns 681 | 22 577 82 Cannons . | . . . Explosions 137 | . . 137 Melee . | . . . Ramming 34 | 6 28 . Kinetic 669 | 10 577 82 Thermal 12 | 12 . . Explosive 137 | . . 137 Electromagnetic . | . . . Impact . | . . . Slashing . | . . . Piercing . | . . . Highest Corruption 2 | . 2 2 Average Corruption 2 | . 2 2 Corruption Purged . | . . . Corruption Blocked . | . . . Effects 11 | . 3 8 Message Errors 5 | . 2 3 Matter Fused 2 | . . 2 Heat Flow Errors 1 | . 1 . Energy Discharges 1 | . . 1 Data Loss (minor) 1 | . . 1 Weapon Failures 1 | . . 1 Overload Shots . | . . . Overflow Damage . | . . . Projectiles . | . . . Explosions . | . . . Melee . | . . . Knockbacks . | . . . Impact . | . . . Kinetic . | . . . Secondary . | . . . Self-Inflicted Damage . | . . . Shots . | . . . Rammed 6 | 3 3 . Targets Rammed 6 | 3 3 . Kicked . | . . . Crushed . | . . . Highest Temperature 235 | 20 235 14 Average Temperature 44 | 15 71 5 Received Heat Transfer 117 | . 63 54 Siege Activations . | . . . Robots Corrupted . | . . . Combat Hostiles . | . . . Parts Fried . | . . . Impact Corruptions . | . . . Robots Melted . | . . . Combat Hostiles . | . . . Parts Melted . | . . . Heat Transferred 25 | 25 . . Parts Sabotaged . | . . . Parts Stolen . | . . . Parts Stripped . | . . . Power Chain Reactions . | . . . Alert | -11 -10 -10 ------- Run | Yrd Mat Min Peak Influence 193 | . 193 118 Initial 13 | . . 13 Average 41 | . 36 74 Maximum Alert Level . | . . . Low Security (%) 100 | 100 100 100 Level 1 . | . . . Level 2 . | . . . Level 3 . | . . . Level 4 . | . . . Level 5 . | . . . High Security . | . . . Max Security . | . . . Squads Dispatched 2 | . 2 . Investigation 1 | . 1 . Extermination . | . . . Reinforcement 1 | . 1 . Assault . | . . . Garrison . | . . . Intercept . | . . . Searches Triggered . | . . . Construction Impeded . | . . . Haulers Reinforced . | . . . Active Scanning Responses . | . . . Cargo Convoy Interrupts . | . . . Stealth | -11 -10 -10 --------- Run | Yrd Mat Min Distress Signals 4 | . 4 . Communications Jammed . | . . . Distress Signals . | . . . Times Spotted 40 | . 24 16 Peak Tracking Total 5 | . 5 5 Tactical Retreats 1 | . 1 . Traps | -11 -10 -10 ------- Run | Yrd Mat Min Traps Triggered 3 | . 3 . Indirectly . | . . . Trap Hack Attempts . | . . . Triggered . | . . . Disarmed . | . . . Reprogrammed . | . . . Reused . | . . . Traps Extracted . | . . . Installed . | . . . Triggered . | . . . Machines | -11 -10 -10 ---------- Run | Yrd Mat Min Machines Disabled . | . . . Max in Single Turn . | . . . Machines Repaired . | . . . Machines Dismantled . | . . . Machines Sabotaged . | . . . Overloaded Fab Kills . | . . . Hacking | -11 -10 -10 --------- Run | Yrd Mat Min Machines Accessed 4 | . 4 . Terminals 3 | . 3 . Fabricators . | . . . Repair Stations 1 | . 1 . Recycling Units . | . . . Scanalyzers . | . . . Garrison Access . | . . . Total Hacks 10 | . 10 . Successful 7 | . 7 . Failed 3 | . 3 . Catastrophic . | . . . Database Lockouts . | . . . Manual 1 | . 1 . Terminals 6 | . 6 . Fabricators . | . . . Repair Stations 4 | . 4 . Recycling Units . | . . . Scanalyzers . | . . . Garrison Access . | . . . Terminal Hacks 4 | . 4 . Prototype ID Bank 2 | . 2 . Hauler Manifests 2 | . 2 . Fabricator Hacks . | . . . Repair Station Hacks 3 | . 3 . Scan Component 2 | . 2 . Repair 1 | . 1 . Recycling Unit Hacks . | . . . Scanalyzer . | . . . Garrison Access Hacks . | . . . Unauthorized Hacks . | . . . Terminals . | . . . Fabricators . | . . . Repair Stations . | . . . Recycling Units . | . . . Scanalyzers . | . . . Garrison Access . | . . . Data Cores Recovered . | . . . Used . | . . . Hacking Detections 2 | . 2 . Full Trace Events . | . . . Feedback Events . | . . . Feedback Blocked . | . . . Robot Schematics Acquired . | . . . Robots Built . | . . . Authchips . | . . . Time . | . . . Total Robot Build Rating . | . . . Part Schematics Acquired . | . . . Parts Built . | . . . Authchips . | . . . Time . | . . . Total Part Build Rating . | . . . Parts Repaired 1 | . 1 . Time 36 | . 36 . Parts Recycled . | . . . Recycled Matter . | . . . Retrieved Matter . | . . . Retrieved Components . | . . . Parts Scanalyzed . | . . . Part Schematics Acquired . | . . . Parts Damaged . | . . . Bothacking | -11 -10 -10 ------------ Run | Yrd Mat Min Used RIF Installer . | . . . Robots Hacked . | . . . Non-combat . | . . . Combat . | . . . Robot Hacks Applied . | . . . Relay Couplers Released . | . . . Fabnet Peak Effective % . | . . . Robots Rewired . | . . . Allies Hacked . | . . . Hacks Repelled . | . . . Allies | -11 -10 -10 -------- Run | Yrd Mat Min Total Allies 1 | . . 1 Largest Group 1 | . . 1 Highest-Rated Group 31 | . . 31 Highest-Rated Ally 31 | . . 31 Total Orders . | . . . Ally Attacks 14 | . . 14 Total Damage 150 | . . 150 Kills 4 | . . 4 Allies Corrupted . | . . . Allies Melted . | . . . Intel | -11 -10 -10 ------- Run | Yrd Mat Min Robot Analysis Total . | . . . Derelict Logs Recovered . | . . . Drone Launches . | . . . Drone Recoveries . | . . . Exploration | -11 -10 -10 ------------- Run | Yrd Mat Min Turns Passed 2459 | 122 1902 435 Spaces Moved 1094 | 68 864 162 Core 12 | 4 4 4 Treads 1082 | 64 860 158 Legs . | . . . Wheels . | . . . Hover . | . . . Flight . | . . . Fastest Speed 50 | 50 160 240 Average Speed 199 | 153 194 243 Slowest Speed 450 | 160 450 400 Overloaded Moves . | . . . Propulsion Burnouts . | . . . Robots Hopped . | . . . Cave-ins Triggered . | . . . Exploration Rate (%) 43 | 6 85 40 Regions Visited 2 Branch Regions 1 Pre-discovered Areas . | . . . Known Exits Taken . | . . . Unknown Exits Taken 2 | 1 1 . Scrap Searched 1 | . . 1 Spaces Dug . | . . . Terrain Destroyed 7 | . . 7 Melee . | . . . Projectile . | . . . AOE 7 | . . 7 Terrain Rammed . | . . . Walls Destroyed . | . . . Machines Disabled . | . . . Actions | -11 -10 -10 --------- Run | Yrd Mat Min Total 1261 | 79 995 187 Wait 59 | . 52 7 Move 1092 | 67 863 162 Hop . | . . . Pick Up 13 | 2 10 1 Fast Attach 11 | 6 5 . Attach 2 | . 2 . Detach 2 | . 2 . Swap 6 | . 2 4 Drop 3 | . 2 1 Fire 67 | 1 54 12 Melee . | . . . Ram . | . . . Kick . | . . . Crush 6 | 3 3 . Escape Stasis . | . . . Rewire . | . . . Trap . | . . . Miscellaneous . | . . . Route ------- -11/Scrapyard -10/Materials (discovered 3 exits: [*Mat x2] / [*Min]) -10/Mines History --------- Turn | Location | Event 7 | -11/Scrapyard | Discovered new exit (range 15) 123 | -11/Scrapyard | Entered Materials 316 | -10/Materials | Build established: Mutant 484 | -10/Materials | Discovered new exit (range 3) 592 | -10/Materials | Repaired Broken Lgt. Assault Rifle 943 | -10/Materials | Discovered new exit (range 16) 1981 | -10/Materials | Discovered new exit (range 11) 2025 | -10/Materials | Entered Mines 2028 | -10/Mines | Received a Mining Laser from a helpful Derelict 2422 | -10/Mines | Assembled infested the area 2452 | -10/Mines | Core integrity fell below 50% 2458 | -10/Mines | Core integrity fell below 20% 2460 | -10/Mines | Destroyed by D-53 Grenadier with Mini Grenade Launcher Last Messages --------------- Demolisher response squad. K-01 Serf collects debris. Core Extractor disabled. as-80848 destroyed. Destroyed Asb. Hover Unit. as-15324 destroyed. Lgt. Treads destroyed. as-58593 destroyed. as-44724 destroyed. ECM Suite destroyed. Lgt. Angular Momentum Engine destroyed. as-71624 destroyed. as-97178 destroyed. as-47961 destroyed. as-57172 destroyed. as-70836 destroyed. K-01 Serf destroyed. Grenade Launcher destroyed. The unstable cave ceiling collapses. Lgt. Assault Rifle destroyed. Map ----- +----------------------------------------------------+ | ###?## ## #??# ##### #?????????????????? | | ?????# ##??????# #?????????????????? | | ????## !*##???????## #######?????????????????? | | ???## =%##?????????## #???????????????????????? | | ??## =##???????????## #???????????????????????? | | ??# ##?????????????# ##??????????????????????? | | ??# #??????????????# #??????????????????????? | | ??# ##??????????????# #??????????????????????? | | ?## #???????????????## #??????????????????????? | | ## ##????????????????# #??????????????????????? | | # ##?????????????????# #??????????????????????? | | #??????????????????# #######????????????????? | | ###????????????????# #?????????? | | ##???????????????# #######????????????????? | | #????????????#??# #??????????????????????? | | #????????????# ## %#??????????????????????? | | ##????????????# !% #??????????????????????? | | ##?????????????#### /#??????????????????????? | | #????????????????## ##?????????????????????? | | ##???????????????## #?????????????????????? | | # ##???????????????## #?????????????????????? | | # #???????????????## ##????????????????????? | | #???????????????# ##???????????????????? | | # #???????????????# ##??????????????????? | | # ##??????????????## #??????????????????? | | # ##??????????????# @ #??????????????????? | | # #?????????????## #??????????????????? | | # #????????????## #??????????????????? | | # ##???????????## #??????????????????? | | # #????????????# #??????????????????? | | # #???????????# #??????????????????? | | ## #??????????# " #??????????????????? | | ?####??????????# " #?????????????????? | | ???????????????## #?????????????????? | | ????????????????## # d ????????????????? | | ?????????????????######## d # ???????????????? | | ????????????????????????# ??????????????? | | ???????????????????????? ?????????????? | | ???????????????????????? ????????????? | | ????????????????????????# ????????????? | | ?????????????????????????## #??????????????? | | ??????????????????????????? ####??????????????? | | ???????????????????????????#####?????????????????? | | ?????????????????????????????????????????????????? | | ?????????????????????????????????????????????????? | | | | | | | | | | | +----------------------------------------------------+ Best States ------------- Heat Dissipation 25 Energy Generation 18 Energy Capacity 150 Matter Stores 300 Matter Capacity 300 Sight Range 16 Terrain Scan Density 10 ECM Strength 1 Evasion (%) 40 Recoil Reduction 2 Item Schematics ----------------- None Robot Schematics ------------------ None Fabricated ------------ Nothing Alien Tech Used ----------------- None Achievements -------------- None Challenges ------------ None Game ------ Seed BehemothLightpackActivator Manual? 0 Play Time 00:16:08 Cumulative 10.7 hours Start 2024.04.06 @ 22:05:46 End 2024.04.06 @ 22:22:11 Sessions 1 Manual Loads 0 Difficulty Rogue Special Mode None Game No. 24 Rogue 24 Adventurer 0 Explorer 0 Win Type - Total 0 Types 0/0/0/0/0/0/0/0/0 Lore% 17 Gallery% 20 Achievement% 15 Wizard Run 0 Options --------- Layout 1 ASCII 0 Keyboard 0 Movement Arrows Keybinds 0 Fullscreen 1 Font 24/Smallcaps Map View 50x35 Zoom Use 0% Tactical HUD 0 Map Filters NONE Filters NONE Steam 1 RUN: d43fe95b-db70-4790-98ec-6120ea04a93d